 Dungeon Crawl Stone Soup version 0.30-a0-778-g2ef04afb54 (webtiles) character file.

Game seed: 8262084669149356474

4670 bande the Cleaver (level 10, -7/60 HPs)
             Began as a Gargoyle Fighter on Feb 15, 2023.
             Was a High Priest of Okawaru.
             Mangled by an orc warrior
             ... wielding a +0 halberd
              (11 damage)
             ... in a bailey.
             The game lasted 00:18:53 (9204 turns).

bande the Cleaver (Gargoyle Fighter)                Turns: 9204, Time: 00:18:53

Health: -7/60      AC: 24    Str: 20    XL:     10   Next: 44%
Magic:  12/14      EV:  9    Int:  9    God:    Okawaru [*****.]
Gold:   424        SH:  6    Dex: 13    Spells: 8/9 levels left

rFire   . . .      SeeInvis .    a - +1 war axe (elec)
rCold   . . .      Faith    .    c - +0 buckler
rNeg    + . .      Spirit   .    q - +0 chain mail
rPois   ∞          Reflect  .    (no helmet)
rElec   +          Harm     .    o - +0 cloak
rCorr   +          Rampage  .    (no gloves)
Will    .....                    i - +2 pair of boots {Stlth+}
Stlth   +                        (no amulet)
HPRegen 0.30/turn                j - ring of resist corrosion
MPRegen 0.14/turn                (no ring)

@: mighty, heroic
A: sickness immunity, AC +7, negative energy resistance 1, electricity
resistance, torment resistance 1, petrification resistance
a: Renounce Religion, Heroism, Finesse, Duel


You were in a bailey.
You worshipped Okawaru.
Okawaru was extremely pleased with you.
You visited 2 branches of the dungeon, and saw 9 of its levels.
You also visited: Bailey.

You collected 424 gold pieces.

Inventory:

Hand Weapons
 a - a +1 war axe of electrocution (weapon)
 b - the +9 sword of Zonguldrok {reap}
   (You found it on level 5 of the Dungeon)
 k - a +1 mace of protection
Armour
 c - a +0 buckler (worn)
 i - a +2 pair of boots of stealth (worn)
 o - a +0 cloak (worn)
 q - a +0 chain mail (worn)
Jewellery
 j - a ring of resist corrosion (left hand)
 t - a ring of magical power
 x - an amulet of faith
Wands
 r - a wand of roots (21)
Scrolls
 y - 3 scrolls of enchant armour
Potions
 d - a potion of might
 f - a potion of mutation
 g - 3 potions of invisibility
 h - a potion of heal wounds
 l - a potion of brilliance
 m - a potion of curing
 s - a potion of resistance
 v - a potion of ambrosia
 w - a potion of haste


   Skills:
 + Level 5.9(10.9) Fighting
 + Level 8.2(13.2) Axes
 + Level 7.4(12.4) Armour
 + Level 5.4(10.4) Shields
 * Level 5.0 Translocations
 * Level 5.8 Invocations
 * Level 3.1 Evocations


You had 8 spell levels left.
You knew the following spells:

 Your Spells              Type           Power      Damage    Failure   Level
a - Apportation           Tloc           18%        N/A       36%         1

Your spell library contained the following spells:

 Spells                   Type           Power      Damage    Failure   Level
 Magic Dart               Conj           0%         1d3       97%         1
 Ensorcelled Hibernation  Hex/Ice        0%         N/A       99%         2
 Passwall                 Tmut/Erth      0%         N/A       99%         2
 Mephitic Cloud           Conj/Pois/Air  0%         N/A       100%        3
 Swiftness                Air            0%         N/A       100%        3
 Petrify                  Tmut/Erth      0%         N/A       100%        4
 Alistair's Intoxication  Tmut/Pois      0%         N/A       100%        5
 Irradiate                Conj/Tmut      0%         3d11      100%        5
 Call Imp                 Summ           Unusable   N/A       N/A         2
 Sublimation of Blood     Necr           Unusable   N/A       N/A         2

Dungeon Overview and Level Annotations

Branches:
Dungeon (8/15)             Temple (1/1) D:4          Bailey (1/1)
   Lair: D:8-11

Altars:
Dithmenos
Elyvilon
Fedhas
Hepliaklqana
Kikubaaqudgha
Makhleb
Nemelex Xobeh
Okawaru
Qazlal
Ru
Sif Muna
Trog
Uskayaw
Vehumet
Wu Jian
Xom
Yredelemnul

Annotations:
D:7 2 transporters, exclusion: statue, lotum's ghost, novice GrEE


Innate Abilities, Weirdness & Mutations

You are immune to sickness and miasma.
Your stone body is resilient. (AC +7)
You are immune to poison.
You resist negative energy. (rN+)
You are resistant to electric shocks. (rElec)
You are resistant to unholy torment.
You are immune to petrification.


Message History

Found a short jewelled staff.
Found two gates leading back out of this place.
There is an open gate here.
You see here a staff of death.
You open the door.
An orc knight and 3 orc warriors come into view.
The orc knight shouts!
The orc warrior shouts! x2
The orc knight hits you from afar with a +0 halberd!
Found a scroll of acquirement and a runed shortbow.
You feel very mighty all of a sudden. The orc knight barely misses you.
The orc warrior barely misses you. The orc warrior completely misses you.
You gain the combat prowess of a mighty hero.
The orc knight hits you from afar with a +0 halberd!
You block the orc warrior's attack.
The orc warrior hits you from afar with a +0 halberd!
The orc knight roars a battlecry!
The orc warriors go into a battle-frenzy!
The orc warrior hits you with a +0 halberd!
The orc warrior closely misses you. You block the orc warrior's attack.
There is an open door here.
You hit the orc knight but do no damage.
You hit the orc warrior. You barely miss the orc warrior.
The orc knight hits you with a +0 halberd.
The orc warrior hits you but does no damage.
The orc warrior hits you with a +0 halberd!
* * * LOW HITPOINT WARNING * * *
The orc warrior hits you from afar with a +0 glaive!
* * * LOW HITPOINT WARNING * * *
Unknown command.
You hit the orc knight but do no damage.
You closely miss the orc warrior. x2
Unknown command.
You hit the orc knight.
The orc knight is lightly wounded.
You closely miss the orc warrior. You hit the orc warrior.
Lightning courses through the orc warrior!
You block the orc knight's attack. The orc warrior completely misses you.
The orc warrior hits you with a +0 halberd!
You die...

..≈##.##≈...............≈##.##≈..
..≈#..)).....................#≈..
..≈##.∩#≈...............≈#∩.##≈..
..≈≈#.##≈....#######....≈##)#≈≈..
...≈≈.≈≈≈...##....##....≈≈≈)≈≈...
...........##.....##.............
..........##..#'''##.............
..........#..##∩|∩##..##.........
.........##.####@####.##.........
.........##.')#ooo#)'.##.........
.........##.###o8.###.##.........
.........##.')#).?#)'.##.........
.........##.#########.##.........
..........#..##.#.##..#..........
....).....##..#'#'#..##..........
....)......##.......##...........
...≈≈.≈≈≈...#########...≈≈≈.≈≈...


You could see an orc knight and 3 orc warriors.

Vanquished Creatures
  Sigmund (D:6)
  3 water moccasins (D:7)
  3 sky beasts (D:7)
  5 black bears
  8 orc warriors (Bailey)
  4 ogres
  A centaur (D:6)
  2 phantoms (D:6)
  2 kobold brigands
  3 bullfrogs
  3 scorpions
  A wight (D:7)
  7 howler monkeys
  8 hounds
  2 jellies
  2 gnoll boudas
  4 orc priests
  Crazy Yiuf (D:4)
  3 iguanas
  9 orc wizards
  22 gnolls
  7 adders
  6 white imps
  An ufetubus (D:7)
  4 dart slugs
  43 orcs
  3 endoplasms
  3 giant cockroaches
  10 goblins
  7 hobgoblins
  18 jackals
  11 kobolds
  5 quokkas
  6 ball pythons
  11 bats
  8 frilled lizards
  5 rats
242 creatures vanquished.

Vanquished Creatures (others)
  4 plants
4 creatures vanquished.

Grand Total: 246 creatures vanquished

Notes
Turn   | Place    | Note
-------+----------+-------------------------------------------
     0 | D:1      | bande the Gargoyle Fighter began the quest for the Orb.
     0 | D:1      | Reached XP level 1. HP: 14/14 MP: 1/1
   229 | D:1      | Reached XP level 2. HP: 19/19 MP: 2/2
   497 | D:1      | Reached skill level 2 in Axes
   724 | D:2      | Reached XP level 3. HP: 20/23 MP: 3/3
   752 | D:2      | Learned a level 1 spell: Apportation
   836 | D:2      | Found a faded altar of an unknown god.
   852 | D:2      | Reached XP level 4. HP: 29/29 MP: 4/4
  1442 | D:3      | Found a sacrificial altar of Ru.
  1457 | D:3      | Reached skill level 1 in Translocations
  1817 | D:3      | Reached skill level 3 in Axes
  1859 | D:3      | Reached XP level 5. HP: 33/33 MP: 5/5
  1901 | D:3      | Found a hazy altar of Hepliaklqana.
  1990 | D:3      | Found a shimmering blue altar of Sif Muna.
  2458 | D:4      | Found a staircase to the Ecumenical Temple.
  2469 | Temple   | Entered the Ecumenical Temple
  2543 | Temple   | Became a worshipper of Warmaster Okawaru
  2586 | D:4      | Reached XP level 6. HP: 36/38 MP: 6/6
  2619 | D:4      | Reached skill level 1 in Invocations
  2628 | D:4      | Reached skill level 4 in Axes
  2961 | D:4      | Reached * piety under Okawaru
  3173 | D:4      | Reached XP level 7. HP: 36/43 MP: 8/8
  3358 | D:4      | Found a runed translucent door.
  3359 | D:4      | Noticed Crazy Yiuf
  3464 | D:4      | Killed Crazy Yiuf
  3557 | D:5      | Entered Level 5 of the Dungeon
  3664 | D:5      | Found a bloodstained altar of Trog.
  3677 | D:5      | Reached skill level 5 in Armour
  3803 | D:5      | Reached ** piety under Okawaru
  3804 | D:5      | Reached skill level 5 in Axes
  3841 | D:5      | Reached XP level 8. HP: 36/48 MP: 8/10
  3918 | D:5      | Found the +9 sword of Zonguldrok {reap}
  5125 | D:6      | Reached *** piety under Okawaru
  5126 | D:6      | Reached skill level 6 in Axes
  5203 | D:5      | Reached skill level 5 in Fighting
  5336 | D:5      | Reached XP level 9. HP: 54/54 MP: 10/12
  5796 | D:5      | Found a sparkling altar of Nemelex Xobeh.
  5850 | D:6      | Noticed Sigmund
  5866 | D:6      | Killed Sigmund
  5927 | D:6      | Found a basalt altar of Yredelemnul.
  6175 | D:7      | Reached skill level 1 in Evocations
  6294 | D:7      | Reached skill level 7 in Axes
  6789 | D:6      | Reached **** piety under Okawaru
  6978 | D:7      | Noticed lotum's ghost (novice GrEE)
  6984 | D:6      | Reached skill level 5 in Shields
  6989 | D:6      | Reached skill level 5 in Invocations
  7145 | D:7      | Noticed a moth of wrath
  7148 | D:7      | Found a bloodstained altar of Trog.
  7286 | D:7      | Reached XP level 10. HP: 57/60 MP: 13/13
  7408 | D:7      | Found a white marble altar of Elyvilon.
  7661 | D:7      | Found a radiant altar of Vehumet.
  7753 | D:7      | Found a transporter.
  7756 | D:7      | Found a transporter.
  7914 | D:8      | Found a flagged portal.
  7939 | Bailey   | Entered a bailey
  7968 | Bailey   | Reached ***** piety under Okawaru
  7969 | Bailey   | Reached skill level 8 in Axes
  8898 | Bailey   | Reached skill level 5 in Translocations
  9198 | Bailey   | Noticed an orc knight
  9202 | Bailey   | HP: 3/60 [orc warrior/+0 glaive (7)]
  9204 | Bailey   | Mangled by an orc warrior

Illustrated notes

Levels and vault maps discovered:
D:1:      ncdulo_halloftheorcs, layout_loops_ring
D:2:      layout_rooms, hellmonk_ecumenical_altar_zigzags, minmay_statues_item,
          hangedman_abyss_or_decor_lesser_grid, minmay_diced_spiral
D:3:      minmay_angry_zag, layout_basic, nicolae_ru_awakened_eye,
          nicolae_hepliaklqana_hippocampus, mainiacjoe_overflow_tiny_flanked
D:4:      layout_basic, minmay_temple_entry_poolview, serial_bayou_pond_c,
          uniq_crazy_yiuf_cottage
D:5:      lemuel_castle_with_subvaults [lemuel_castle_interior_carwin_2],
          layout_layer_cave, trog_ov_bears_minmay, nemelex_diamond_rough_becter
D:6:      layout_rooms, lemuel_doored_altar, uniq_sigmund
D:7:      minmay_bubble_buster, layout_basic, mainiacjoe_overflow_catwalk,
          vehumet_statue, gammafunk_ghost_wrathful_warriors, nrook_campfire
D:8:      layout_loops_ring, mainiacjoe_overflow_boulevard, enter_bailey_3,
          minmay_liquid_box
Temple:   compressed_dpeg_triangle_lava_temple
Bailey:   bailey_polearm_2, bailey

Skill      XL: |  1  2  3  4  5  6  7  8  9 10 |
---------------+-------------------------------+-----
Axes           | 2 3 4 5 6 7 8 |  8.2
Translocations | 1 2 3 4 5 |  5.0
Armour         | 4 5 6 7 |  7.4
Fighting       | 4 5 |  5.9
Shields        | 4 5 |  5.4
Invocations    | 1 2 4 5 |  5.8
Evocations     | 2 3 |  3.1

Action                     |  1- 3 |  4- 6 |  7- 9 | 10-12 || total
---------------------------+-------+-------+-------+-------++-------
  Melee: War axe           |    86 |   183 |   386 |   118 ||   773
 Invoke: Heroism           |       |       |       |     1 ||     1
    Use: Scroll            |     3 |     7 |     8 |     2 ||    20
         Potion            |       |       |       |     1 ||     1
 Armour: Scale mail        |    73 |   135 |    38 |       ||   246
         Chain mail        |       |       |   311 |    89 ||   400
  Dodge: Dodged            |    56 |    99 |   173 |    55 ||   383
  Block: Buckler           |    29 |    59 |    99 |    47 ||   234

Table legend: (Time is in decaauts)
 A = Elapsed time spent in this place.
 B = Non-inter-level travel time spent in this place.
 C = Inter-level travel time spent in this place.
 D = Time resting spent in this place.
 E = Time spent auto-exploring this place.
 F = Levels seen in this place.
 G = Mean time per level.
                   A        B        C        D        E       F      G
               +--------+--------+--------+--------+--------+-----+--------+
         Total |   9446 |   9253 |    193 |   2471 |   4344 |  10 |  944.6 |
       Dungeon |   8078 |   7885 |    193 |   1656 |   4286 |   8 | 1009.8 |
        Temple |     94 |     94 |      0 |      0 |     58 |   1 |   94.0 |
        Bailey |   1272 |   1272 |      0 |    815 |      0 |   1 | 1272.0 |
               +--------+--------+--------+--------+--------+-----+--------+

Top non-repeatable levels by time:
     D:5: 2031 daAuts
     D:6: 1360 daAuts
  Bailey: 1272 daAuts
     D:4: 1214 daAuts
     D:7: 1019 daAuts
     D:3: 986 daAuts
     D:1: 728 daAuts
     D:2: 651 daAuts
  Temple: 94 daAuts
     D:8: 85 daAuts
